 Dungeon Crawl Stone Soup version 0.30.0-20-g3615ddf2f0 (webtiles) character file.

Game seed: 2821831711954284561

191 qw the Chopper (level 5, -4/32 HPs)
             Began as a Gargoyle Fighter on May 28, 2023.
             Slain by Duvessa
             ... wielding a +0 rapier
              (17 damage)
             ... on level 4 of the Dungeon.
             The game lasted 00:01:07 (1964 turns).

qw the Chopper (Gargoyle Fighter)                   Turns: 1964, Time: 00:01:07

Health: -4/32      AC: 17    Str: 21    XL:     5   Next: 70%
Magic:  5/5        EV:  7    Int:  9    God:
Gold:   112        SH:  4    Dex:  9    Spells: 4/4 levels left

rFire   . . .        Y - +0 war axe (venom)
rCold   . . .        c - +0 buckler
rNeg    + . .        p - +0 chain mail
rPois   inf          q - +2 hat
rElec   +            (no cloak)
rCorr   .            j - +1 pair of gloves
SInv    .            (no boots)
Will    .....        (no amulet) Stlth
                     (no ring)
HPRegen 0.25/turn    (no ring)
MPRegen 0.09/turn

%: no passive effects
@: no status effects
A: sickness immunity, AC +4, negative energy resistance 1, electricity
resistance, torment resistance 1, petrification resistance
a: no special abilities


You were on level 4 of the Dungeon.
You visited 1 branch of the dungeon, and saw 4 of its levels.

You collected 182 gold pieces.
You spent 70 gold pieces at shops.


Innate Abilities, Weirdness & Mutations

You are immune to sickness and miasma.
Your stone body is resilient. (AC +4)
You are immune to poison.
You resist negative energy. (rN+)
You are resistant to electric shocks. (rElec)
You are resistant to unholy torment.
You are immune to petrification.


   Skills:
 + Level 3.2 Fighting
 - Level 5.2 Axes
 - Level 3.2 Armour
 - Level 3.2 Shields


You had 4 spell levels left.
You didn't know any spells.
Your spell library was empty.

Inventory:

Hand Weapons
 g - a +0 flail
 Y - a +0 war axe of venom (weapon)
Armour
 c - a +0 buckler (worn)
 j - a +1 pair of gloves (worn)
 p - a +0 chain mail (worn)
 q - a +2 hat (worn)
Scrolls
 a - a scroll of identify
 h - a scroll of teleportation
Potions
 d - 2 potions of might
 e - a potion of attraction
 f - a potion of resistance
 i - 3 potions of heal wounds
 l - a potion of ambrosia {unknown}
 m - a potion of haste
 n - 2 potions of lignification
 o - 3 potions of curing

Dungeon Overview and Level Annotations

Branches:
Dungeon (4/15)
 Temple: D:4-7

Altars:

Shops:
D:1 !*   D:3 ?

Annotations:
D:4 Duvessa


Message History

Dowan is lightly wounded.
Dowan hits you but does no damage.
Dowan gestures wildly while chanting.
Dowan blinks!
Dowan laughs at you. "Don't get delusional, you can't win!"
Dowan hits you but does no damage.
You closely miss Dowan.
Dowan is lightly wounded.
Dowan barely misses you.
You hit Dowan.
Dowan is poisoned.
Dowan is lightly wounded.
Dowan hits you with a +0 dagger. Dowan hits you but does no damage.
You slash Dowan!
Dowan looks as sick as possible!
Dowan is heavily wounded.
Dowan says, "My weaknesses are her strengths!"
Dowan hits you but does no damage. Dowan hits you with a +0 dagger.
You hit Dowan.
Dowan is severely wounded.
You kill Dowan!
You hear a distant scream of rage.
Your Axes skill increases to level 5!
You start resting.
Duvessa, Sister of Dowan comes into view.
She is wielding a +0 rapier.
Duvessa goes berserk!
You hear an angry hiss.
Duvessa rages.
Duvessa hits you but does no damage.
You barely miss Duvessa. Duvessa hits you with a +0 rapier!
An iguana comes into view.
Duvessa hits you but does no damage.
You slash Duvessa!
Duvessa is poisoned.
Duvessa is moderately wounded.
Duvessa hits you with a +0 rapier!
You hit Duvessa.
Duvessa looks as sick as possible!
Duvessa is moderately wounded.
Duvessa barely misses you. Duvessa hits you with a +0 rapier.
Duvessa hits you with a +0 rapier!
Ouch! That really hurt!
You die...

######### ..
........# ###.#
........###....#..
..................
......%<##..###
.........l.##
######.#.###
###.e.# #...@.#
#..)..# #.....#
#######


You could see Duvessa (berserk, extremely poisoned) and an iguana.

Vanquished Creatures
  Dowan (D:4)
  2 sleepcaps (D:3)
  3 adders (D:2)
  A gnoll (D:1)
  A worm (D:2)
  A dart slug (D:1)
  A bat (D:3)
  4 endoplasms
  4 giant cockroaches
  4 goblins
  2 hobgoblins
  6 jackals
  6 kobolds
  4 quokkas
  A frilled lizard (D:3)
  4 rats
45 creatures vanquished.

Notes
Turn   | Place    | Note
-------+----------+-------------------------------------------
     0 | D:1      | qw the Gargoyle Fighter began the quest for the Orb.
     0 | D:1      | Reached XP level 1. HP: 14/14 MP: 1/1
     0 | D:1      | 0 ||| qw: Version: 0.2-a-100-g4e38944
     0 | D:1      | 0 ||| qw: Game counter: 230
     0 | D:1      | 0 ||| qw: Always use a shield: true
     0 | D:1      | 0 ||| qw: God list: Okawaru
     0 | D:1      | 0 ||| qw: Allow faded altars: false
     0 | D:1      | 0 ||| qw: Do Orc after D:15 true
     0 | D:1      | 0 ||| qw: Do second Lair branch before Depths: true
     0 | D:1      | 0 ||| qw: Lair rune preference: random
     0 | D:1      | 0 ||| qw: Plans: Normal, Zot:1-4, God:TSO, Crypt, Tomb,
                  | Pan, Slime:5, Hells, Abyss, Win
     0 | D:1      | 0 ||| PLANNING D:1-11
    81 | D:1      | Reached skill level 2 in Axes
   103 | D:1      | Reached XP level 2. HP: 12/19 MP: 2/2
   269 | D:1      | 269 ||| Stepping ~*~*~tactically~*~*~ (hiding).
   281 | D:1      | Reached skill level 3 in Axes
   301 | D:1      | 301 ||| Stepping ~*~*~tactically~*~*~ (stealth).
   303 | D:1      | 303 ||| Stepping ~*~*~tactically~*~*~ (stealth).
   308 | D:1      | Reached XP level 3. HP: 23/23 MP: 3/3
   399 | D:1      | Found Tamios Kaopi's Distillery.
   405 | D:1      | 405 ||| SHOPLISTING potion of attraction (39 gold, have 0).
   405 | D:1      | 405 ||| SHOPLISTING potion of curing (39 gold, have 0).
   405 | D:1      | 405 ||| SHOPLISTING potion of haste (130 gold, have 0).
   405 | D:1      | 405 ||| SHOPLISTING potion of mutation (104 gold, have 0).
   571 | D:1      | Found Lawos's General Store.
   574 | D:1      | 574 ||| SHOPLISTING potion of cancellation (112 gold, have
                  | 9).
   574 | D:1      | 574 ||| SHOPLISTING potion of curing (42 gold, have 9).
   574 | D:1      | 574 ||| SHOPLISTING potion of lignification (42 gold, have
                  | 9).
   661 | D:1      | 661 ||| UPGRADING to +1 pair of gloves.
   666 | D:1      | 666 ||| DROPPING orb of mayhem.
   667 | D:1      | 667 ||| DROPPING ring of magical power.
   668 | D:1      | 668 ||| READING 2 scrolls labelled YRPHEA HUTESSA.
   669 | D:1      | 669 ||| READING 2 scrolls labelled YFRAIJ FUBRO.
   670 | D:1      | 670 ||| READING scroll labelled JIMPIST UDOGGU.
   671 | D:1      | 671 ||| DRINKING 3 brown potions.
   672 | D:1      | 672 ||| DRINKING 2 orange potions.
   673 | D:1      | 673 ||| DROPPING scroll of noise.
   806 | D:2      | 806 ||| Stepping ~*~*~tactically~*~*~ (hiding).
   872 | D:2      | 872 ||| Stepping ~*~*~tactically~*~*~ (stealth).
   874 | D:2      | 874 ||| Stepping ~*~*~tactically~*~*~ (stealth).
   936 | D:2      | Reached XP level 4. HP: 28/28 MP: 4/4
  1079 | D:2      | Reached skill level 4 in Axes
  1359 | D:2      | 1359 ||| UPGRADING to +0 chain mail.
  1369 | D:2      | 1369 ||| DROPPING +0 scale mail.
  1370 | D:2      | 1370 ||| READING scroll labelled GOQUPR VIEDD.
  1371 | D:2      | 1371 ||| READING 3 scrolls labelled UFOVEVADOTZ.
  1372 | D:2      | 1372 ||| DRINKING 2 glowing brown potions.
  1409 | D:2      | 1409 ||| READING 3 scrolls of identify.
  1409 | D:2      | 1409 ||| IDENTIFYING murky dark potion
  1410 | D:2      | 1410 ||| READING 2 scrolls of identify.
  1410 | D:2      | 1410 ||| IDENTIFYING dark potion
  1411 | D:2      | 1411 ||| DROPPING 2 scrolls of immolation.
  1533 | D:3      | 1533 ||| Stepping ~*~*~tactically~*~*~ (hiding).
  1593 | D:3      | Found Wyileet's Magic Scroll Boutique.
  1607 | D:3      | 1607 ||| BUYING scroll of identify (28 gold).
  1607 | D:3      | Bought a scroll of identify for 28 gold pieces
  1607 | D:3      | 1607 ||| BUYING scroll of teleportation (42 gold).
  1607 | D:3      | Bought a scroll of teleportation for 42 gold pieces
  1778 | D:3      | Reached XP level 5. HP: 28/32 MP: 5/5
  1877 | D:3      | 1877 ||| UPGRADING to +2 hat.
  1882 | D:3      | 1882 ||| DRINKING 2 fuming dark potions.
  1883 | D:3      | 1883 ||| READING 2 scrolls of identify.
  1883 | D:3      | 1883 ||| IDENTIFYING viscous emerald potion
  1884 | D:3      | 1884 ||| DROPPING potion of flight.
  1885 | D:3      | 1885 ||| DROPPING potion of magic.
  1941 | D:4      | Noticed Dowan
  1942 | D:4      | 1942 ||| Stepping ~*~*~tactically~*~*~ (hiding).
  1943 | D:4      | 1943 ||| Stepping ~*~*~tactically~*~*~ (hiding).
  1944 | D:4      | 1944 ||| Stepping ~*~*~tactically~*~*~ (hiding).
  1945 | D:4      | 1945 ||| Stepping ~*~*~tactically~*~*~ (hiding).
  1954 | D:4      | Killed Dowan
  1955 | D:4      | Reached skill level 5 in Axes
  1959 | D:4      | Noticed Duvessa
  1964 | D:4      | Slain by Duvessa

Levels and vault maps discovered:
D:1:      scummos_arrival_simple_fountains, layout_basic, serial_shops, shop,
          nicolae_shop_behind_doors
D:2:      layout_basic, minmay_misc_feat_pillars, minmay_gold_behind_fungi
D:3:      cheibrodos_helix_gallery, layout_rooms, serial_shops, shop,
          hellmonk_no_cap
D:4:      layout_rooms, gammafunk_ghost_cemetery, nicolae_wormholes, uniq_pargi,
          uniq_duvessa, uniq_blork_the_orc

Skill      XL: |  1  2  3  4  5 |
---------------+----------------+-----
Axes           | 2 3 4 5 |  5.2
Fighting       | |  3.2
Armour         | |  3.2
Shields        | |  3.2

Action                     |  1- 3 |  4- 6 || total
---------------------------+-------+-------++-------
  Melee: War axe           |    93 |    66 ||   159
    Use: Scroll            |     3 |     5 ||     8
         Potion            |     2 |     2 ||     4
 Armour: Scale mail        |    61 |    11 ||    72
         Chain mail        |       |    31 ||    31
  Dodge: Dodged            |    48 |    22 ||    70
  Block: Buckler           |     9 |    11 ||    20

Table legend:
 A = Non-vault XP
 B = Vault XP
 C = Vault XP percentage of total XP
 D = Non-vault monster count
 E = Vault monster count
 F = Vault count percentage of total count
                 A         B        C        D         E       F
            +---------+---------+-------+---------+---------+-------
      Total |     121 |     153 |  55.8 |      38 |       7 |  15.6
            +---------+---------+-------+---------+---------+-------
        D:1 |      47 |       0 |   0.0 |      18 |       0 |   0.0
        D:2 |      56 |       0 |   0.0 |      10 |       0 |   0.0
        D:3 |      14 |      81 |  85.3 |       8 |       6 |  42.9
        D:4 |       4 |      72 |  94.7 |       2 |       1 |  33.3
            +---------+---------+-------+---------+---------+-------
